 Dungeon Crawl Stone Soup version 0.30-a0-996-ga6910c8ee8 (webtiles) character file.

Game seed: 17863500615234348182

30 DeathPants the Trooper (level 3, -5/20 HPs)
             Began as a Vine Stalker Fighter on Apr 4, 2023.
             Killed from afar by Ijyb (16 damage)
             ... with a bolt of acid
             ... on level 3 of the Dungeon.
             The game lasted 00:03:54 (754 turns).

DeathPants the Trooper (Vine Stalker Fighter)        Turns: 754, Time: 00:03:54

Health: -5/20      AC:  7    Str: 18    XL:     3   Next: 20%
Magic:  0/4        EV:  9    Int: 10    God:
Gold:   72         SH:  0    Dex: 13    Spells: 2/2 levels left

rFire   . . .      SeeInvis .    a - +0 war axe
rCold   . . .      Faith    .    (no shield)
rNeg    . . .      Spirit   +    b - +0 scale mail
rPois   .          Reflect  .    (no helmet)
rElec   .          Rampage  .    e - +0 cloak
rCorr   .                        (no gloves)
Will    .....                    (no boots) Stlth
                                 i - amulet of regeneration
HPRegen 1.03/turn                (no ring)
MPRegen 0.09/turn                (no ring)

@: no status effects
A: fangs 2, magic shield, antimagic bite, no potion heal 2
a: no special abilities


You were on level 3 of the Dungeon.
You visited 1 branch of the dungeon, and saw 3 of its levels.

You collected 72 gold pieces.

Inventory:

Hand Weapons
 a - a +0 war axe (weapon)
Missiles
 h - 2 poisoned darts (quivered)
Armour
 b - a +0 scale mail (worn)
 c - a +0 buckler
 e - a +0 cloak (worn)
Jewellery
 i - an amulet of regeneration (around neck)
Scrolls
 g - a scroll of teleportation {unknown}
Potions
 d - a potion of might
 f - a potion of curing {unknown}
 j - a potion of invisibility {unknown}


   Skills:
 + Level 3.1 Fighting
 * Level 2.8 Axes
 - Level 2.4 Armour
 - Level 2.6 Shields


You had 2 spell levels left.
You didn't know any spells.
Your spell library was empty.

Dungeon Overview and Level Annotations

Branches:
Dungeon (3/15)

Altars:

Annotations:
D:3 Ijyb, Robin


Innate Abilities, Weirdness & Mutations

You have extremely sharp teeth.
When hurt, damage is shared between your health and your magic reserves.
Your bite disrupts and absorbs the magic of your enemies.
Potions cannot restore your health.


Message History

Found a stone staircase leading up.
There is a stone staircase leading up here.
Ijyb zaps a wand.
The bolt of acid hits you.
Robin of the Strong Arm comes into view.
They are wielding a +1 heavy spear.
Robin roars a battlecry!
The goblins go into a battle-frenzy!
The gnoll hits you but does no damage.
You climb upwards.
There is a stone staircase leading down here.
You barely miss the gnoll. The gnoll barely misses you.
You slash the gnoll! Your bite misses the gnoll.
The gnoll is almost dead.
The gnoll hits you but does no damage.
You slash the gnoll!
You kill the gnoll!
You have reached level 3!
Your experience leads to an increase in your attributes!
Increase (S)trength, (I)ntelligence, or (D)exterity?
You feel clever. x2
A goblin comes into view. It is wielding a +0 club.
The goblin shouts!
You closely miss the goblin. You bite the goblin.
You kill the goblin!
Things that are here:
a +0 club; a goblin corpse
Things that are here:
a +0 club; a goblin corpse
There is a stone staircase leading down here.
You climb downwards.
Level annotation: Ijyb, Robin The goblin shouts!
The kobold shouts!
Robin roars a battlecry!
The goblins go into a battle-frenzy!
The gnoll closely misses you. The goblin hits you with a +0 dagger.
There is a stone staircase leading up here.
The gnoll barely misses you. The gnoll hits you with a +0 flail!
The goblin hits you but does no damage. x2; Ijyb zaps a wand.
The bolt of acid hits you!!
Ouch! That really hurt!
You die...

#### ##..g##
#..gg@#
#....ggg#
.....ggggl.
.!....ggg....
.....g..Kg....#
.#.....g......#
##...........#
##..........#


You could see Ijyb (strong), Robin, 3 gnolls, 3 hobgoblins, 8 goblins, a kobold
and a frilled lizard.

Vanquished Creatures
  A gnoll (D:2)
  A bat skeleton (D:2)
  An endoplasm (D:1)
  A giant cockroach (D:1)
  2 hobgoblins (D:1)
  A kobold (D:2)
  A quokka (D:1)
  2 ball pythons (D:1)
  A bat (D:1)
  5 goblins
  A quokka zombie (D:2)
  2 rats (D:1)
19 creatures vanquished.

Notes
Turn   | Place    | Note
-------+----------+-------------------------------------------
     0 | D:1      | DeathPants the Vine Stalker Fighter began the quest for the
                  | Orb.
     0 | D:1      | Reached XP level 1. HP: 11/11 MP: 2/2
   330 | D:1      | Reached XP level 2. HP: 15/16 MP: 3/3
   689 | D:2      | Reached skill level 3 in Fighting
   725 | D:3      | Noticed Ijyb
   726 | D:3      | Noticed Robin
   732 | D:2      | Reached XP level 3. HP: 20/20 MP: 2/4
   754 | D:3      | Killed from afar by Ijyb

Illustrated notes

Levels and vault maps discovered:
D:1:      dpeg_arrival_radiant, layout_loops_ring
D:2:      layout_basic, serial_undead, serial_undead_c, serial_undead_a,
          serial_undead_d, serial_undead_d, serial_undead_a,
          shapermc_ecumenical_altar_mp_vishouse, uniq_sigmund
D:3:      layout_loops_ring, chequers_temple_overflow_statue_of_worship,
          pdpol_temple_overflow_zin_treasury_gozag_greed, serial_shops, shop,
          minmay_statues_item, uniq_jessica, uniq_ijyb, uniq_robin

Skill      XL: |  1  2 |
---------------+-------+-----
Axes           | 2 |  2.8
Fighting       | 3 |  3.1
Armour         | |  2.4
Shields        | |  2.6

Action                     || total
---------------------------++-------
  Melee: War axe           ||    35
         Bite              ||     5
 Armour: Scale mail        ||    27
  Dodge: Dodged            ||    27

Table legend: (Time is in decaauts)
 A = Elapsed time spent in this place.
 B = Non-inter-level travel time spent in this place.
 C = Inter-level travel time spent in this place.
 D = Time resting spent in this place.
 E = Time spent auto-exploring this place.
 F = Levels seen in this place.
 G = Mean time per level.
                   A        B        C        D        E       F      G
               +--------+--------+--------+--------+--------+-----+--------+
         Total |    769 |    751 |     18 |      0 |    508 |   3 |  256.3 |
       Dungeon |    769 |    751 |     18 |      0 |    508 |   3 |  256.3 |
               +--------+--------+--------+--------+--------+-----+--------+

Top non-repeatable levels by time:
     D:1: 648 daAuts
     D:2: 116 daAuts
     D:3: 4 daAuts
